SA
CHICAGO TULA @ KENNESAW JETS
08/23/2026
 
TOP OF THE 1ST
Chicago Tula batting - Pitching for Kennesaw Jets : RHP José López
Pitching: RHP José López
Batting: SHB Holden Nolan 0-0: Called Strike
0-1: Ball
1-1: Ball
2-1: Ball
3-1: Foul Ball, location: 2F
3-2: Strikes out swinging
Batting: RHB José Palácios 0-0: Ball
1-0: Swinging Strike
1-1: Called Strike
1-2: Foul Ball, location: 2F
1-2: Strikes out swinging
Batting: LHB Dana Waldrip 0-0: Ball
1-0: Ball
2-0: Ball
3-0: Base on Balls
Batting: SHB Eustacio Tafalla 0-0: Called Strike
0-1: Swinging Strike
0-2: Ball
1-2: Foul Ball, location: 2F
1-2: Ball
2-2: Strikes out swinging
Top of the 1st over - 0 run(s), 0 hit(s), 0 error(s), 1 left on base; Chicago 0 - Kennesaw 0
BOTTOM OF THE 1ST
Kennesaw Jets batting - Pitching for Chicago Tula : LHP Javier Romero
Pitching: LHP Javier Romero
Batting: RHB Héctor Amador 0-0: Foul Ball, location: 2F
0-1: Ball
1-1: Swinging Strike
1-2: Ball
2-2: Foul Ball, location: 2F
2-2: Ground out 5-3 (Groundball, 56)
Batting: LHB Manuel Márquez 0-0: Ball
1-0: Ball
2-0: Ball
3-0: Called Strike
3-1: Base on Balls
Batting: RHB Raúl Francisco 0-0: Ball
1-0: Foul Ball, location: 2F
1-1: DOUBLE (Groundball, 5L)
Manuel Márquez to third
Runner from 3rd tries for Home, SAFE, no throw
Batting: RHB Enoch Reinhardt 0-0: Fly out, F7 (Flyball, 78S)
Batting: RHB Vic Richards 0-0: Ball
1-0: Swinging Strike
1-1: Ground out 6-3 (Groundball, 6)
Bottom of the 1st over - 1 run(s), 1 hit(s), 0 error(s), 1 left on base; Chicago 0 - Kennesaw 1
TOP OF THE 2ND
Chicago Tula batting - Pitching for Kennesaw Jets : RHP José López
Batting: RHB Arturo Scantlebury 0-0: SINGLE (Line Drive, 7LS)
Batting: RHB Micheal Lovell 0-0: Ball
1-0: Swinging Strike
1-1: Ball
2-1: Ball
3-1: Foul Ball, location: 2F
3-2: Base on Balls
Arturo Scantlebury to second
Batting: RHB Alfonso Morín 0-0: Ball
1-0: Called Strike
1-1: Swinging Strike
1-2: Foul Ball, location: 2F
1-2: Grounds into double play, 6-4-3 (Groundball, 6)
Arturo Scantlebury to third
Batting: LHB César Gonzáles 0-0: SINGLE (Groundball, 34D)
Arturo Scantlebury scores
Batting: RHB Zahid Kashani 0-0: Ground out 5-3 (Groundball, 56S)
Top of the 2nd over - 1 run(s), 2 hit(s), 0 error(s), 1 left on base; Chicago 1 - Kennesaw 1
BOTTOM OF THE 2ND
Kennesaw Jets batting - Pitching for Chicago Tula : LHP Javier Romero
Batting: SHB Pat Sargent 0-0: Swinging Strike
0-1: Foul Ball, location: 2F
0-2: Ball
1-2: Ball
2-2: Strikes out looking
Batting: RHB Omar Durán 0-0: Ball
1-0: Ball
2-0: Ball
3-0: Called Strike
3-1: SINGLE (Groundball, 56D)
Batting: RHB Bartolo Rosas 0-0: Ball
1-0: Called Strike
1-1: Ball
2-1: Ball
3-1: Base on Balls
Omar Durán to second
Batting: RHB Gerardo Maldonado 0-0: Foul Ball, location: 2F
0-1: Called Strike
0-2: Ball
1-2: Ball
2-2: Foul Ball, location: 2F
2-2: Foul Ball, location: 2F
2-2: Foul Ball, location: 2F
2-2: Foul Ball, location: 2F
2-2: Ball
3-2: Strikes out looking
Batting: RHB Héctor Amador 0-0: Ball
1-0: Ball
2-0: Ball
3-0: Base on Balls
Omar Durán to third
Bartolo Rosas to second
Batting: LHB Manuel Márquez 0-0: Foul Ball, location: 2F
0-1: Fly out, F4 (Flyball, 4MD)
Bottom of the 2nd over - 0 run(s), 1 hit(s), 0 error(s), 3 left on base; Chicago 1 - Kennesaw 1
TOP OF THE 3RD
Chicago Tula batting - Pitching for Kennesaw Jets : RHP José López
Batting: SHB Holden Nolan 0-0: SINGLE (Line Drive, 56D)
Batting: RHB José Palácios 0-0: Called Strike
0-1: Ball
1-1: Foul Ball, location: 2F
1-2: Foul Ball, location: 2F
1-2: Ball
2-2: Ball
3-2: Base on Balls
Holden Nolan to second
Batting: LHB Dana Waldrip 0-0: Called Strike
0-1: Grounds into double play, 4-6-3 (Groundball, 34)
Holden Nolan to third
Batting: SHB Eustacio Tafalla 0-0: Ball
1-0: Called Strike
1-1: Ball
2-1: Ground out U3 (Groundball, 34)
Top of the 3rd over - 0 run(s), 1 hit(s), 0 error(s), 1 left on base; Chicago 1 - Kennesaw 1
BOTTOM OF THE 3RD
Kennesaw Jets batting - Pitching for Chicago Tula : LHP Javier Romero
Batting: RHB Raúl Francisco 0-0: SINGLE (Groundball, 56S) (infield hit)
Batting: RHB Enoch Reinhardt 0-0: Called Strike
0-1: Ball
1-1: Ball
2-1: Ball
3-1: Ground out 3-1 (Groundball, 34S)
Raúl Francisco to second
Batting: RHB Vic Richards 0-0: Ball
1-0: Ball
2-0: Ball
3-0: Called Strike
3-1: Base on Balls
Batting: SHB Pat Sargent 0-0: Ball
1-0: Swinging Strike
1-1: Foul Ball, location: 2F
1-2: Foul Ball, location: 2F
1-2: Ball
2-2: Strikes out swinging
Batting: RHB Omar Durán 0-0: DOUBLE (Line Drive, 8LM)
Raúl Francisco scores
Vic Richards to third
Batting: RHB Bartolo Rosas 0-0: Called Strike
0-1: Swinging Strike
0-2: Ball
1-2: Ball
2-2: Fly out, F9 (Flyball, 89M)
Bottom of the 3rd over - 1 run(s), 2 hit(s), 0 error(s), 2 left on base; Chicago 1 - Kennesaw 2
TOP OF THE 4TH
Chicago Tula batting - Pitching for Kennesaw Jets : RHP José López
Batting: RHB Arturo Scantlebury 0-0: Ball
1-0: Ground out 6-3 (Groundball, 6MS)
Batting: RHB Micheal Lovell 0-0: Foul Ball, location: 2F
0-1: Swinging Strike
0-2: SINGLE (Line Drive, 56D)
Batting: RHB Alfonso Morín 0-0: Ball
1-0: Swinging Strike
1-1: Swinging Strike
1-2: Foul Ball, location: 2F
1-2: Foul Ball, location: 2F
1-2: Strikes out swinging
Batting: LHB César Gonzáles 0-0: Ball
Micheal Lovell steals 2nd base
1-0: Ground out 6-3 (Groundball, 6)
Top of the 4th over - 0 run(s), 1 hit(s), 0 error(s), 1 left on base; Chicago 1 - Kennesaw 2
BOTTOM OF THE 4TH
Kennesaw Jets batting - Pitching for Chicago Tula : LHP Javier Romero
Batting: RHB Gerardo Maldonado 0-0: Ground out 5-3 (Groundball, 5S)
Batting: RHB Héctor Amador 0-0: Called Strike
0-1: Called Strike
0-2: Strikes out swinging
Batting: LHB Manuel Márquez 0-0: Called Strike
0-1: Called Strike
0-2: Ball
1-2: Strikes out swinging
Bottom of the 4th over - 0 run(s), 0 hit(s), 0 error(s), 0 left on base; Chicago 1 - Kennesaw 2
TOP OF THE 5TH
Chicago Tula batting - Pitching for Kennesaw Jets : RHP José López
Batting: RHB Zahid Kashani 0-0: Ball
1-0: Called Strike
1-1: Called Strike
1-2: Fly out, F7 (Flyball, 7)
Batting: SHB Holden Nolan 0-0: Foul Ball, location: 2F
0-1: Swinging Strike
0-2: Strikes out looking
Batting: RHB José Palácios 0-0: Ball
1-0: Ball
2-0: Called Strike
2-1: Ball
3-1: SINGLE (Groundball, 56D)
Batting: LHB Dana Waldrip 0-0: Foul Ball, location: 2F
0-1: Ball
1-1: Fielders Choice at 2nd, 4-6 (Groundball, 4)
Top of the 5th over - 0 run(s), 1 hit(s), 0 error(s), 0 left on base; Chicago 1 - Kennesaw 2
BOTTOM OF THE 5TH
Kennesaw Jets batting - Pitching for Chicago Tula : LHP Javier Romero
Batting: RHB Raúl Francisco 0-0: Called Strike
0-1: Called Strike
0-2: Ground out 4-3 (Groundball, 4)
Batting: RHB Enoch Reinhardt 0-0: Ball
1-0: Swinging Strike
1-1: Foul Ball, location: 2F
1-2: Ball
2-2: Strikes out swinging
Batting: RHB Vic Richards 0-0: Ball
1-0: Swinging Strike
1-1: Ball
2-1: Foul Ball, location: 2F
2-2: Foul Ball, location: 2F
2-2: Ball
3-2: Foul Ball, location: 2F
3-2: Base on Balls
Batting: SHB Pat Sargent 0-0: Foul Ball, location: 2F
0-1: Swinging Strike
0-2: Ball
1-2: Strikes out swinging
Bottom of the 5th over - 0 run(s), 0 hit(s), 0 error(s), 1 left on base; Chicago 1 - Kennesaw 2
TOP OF THE 6TH
Chicago Tula batting - Pitching for Kennesaw Jets : RHP José López
Batting: SHB Eustacio Tafalla 0-0: Ground out 4-3 (Groundball, 4)
Batting: RHB Arturo Scantlebury 0-0: Ground out 1-3 (Groundball, P)
Batting: RHB Micheal Lovell 0-0: Called Strike
0-1: Ball
1-1: Foul Ball, location: 2F
1-2: Ball
2-2: Strikes out swinging
Top of the 6th over - 0 run(s), 0 hit(s), 0 error(s), 0 left on base; Chicago 1 - Kennesaw 2
BOTTOM OF THE 6TH
Kennesaw Jets batting - Pitching for Chicago Tula : LHP Javier Romero
Pitching: RHP Howard Vidaurri
Batting: RHB Omar Durán 0-0: Swinging Strike
0-1: Foul Ball, location: 2F
0-2: Ball
1-2: Strikes out looking
Batting: RHB Bartolo Rosas 0-0: Ball
1-0: Called Strike
1-1: Foul Ball, location: 2F
1-2: Strikes out swinging
Batting: RHB Gerardo Maldonado 0-0: Called Strike
0-1: Ball
1-1: Foul Ball, location: 2F
1-2: Ground out 6-3 (Groundball, 6)
Bottom of the 6th over - 0 run(s), 0 hit(s), 0 error(s), 0 left on base; Chicago 1 - Kennesaw 2
TOP OF THE 7TH
Chicago Tula batting - Pitching for Kennesaw Jets : RHP José López
Batting: RHB Alfonso Morín 0-0: Foul Ball, location: 2F
0-1: Ball
1-1: Called Strike
1-2: Ball
2-2: Strikes out swinging
Batting: LHB César Gonzáles 0-0: Called Strike
0-1: Called Strike
0-2: Foul Ball, location: 2F
0-2: Ball
1-2: Ball
2-2: SINGLE (Line Drive, 8LS)
Pinch Hitting: LHB Jim Unknown 0-0: Foul Ball, location: 2F
0-1: Ball
1-1: Ball
2-1: Ball
3-1: Base on Balls
César Gonzáles to second
Batting: SHB Holden Nolan 0-0: Ball
1-0: Ball
2-0: Called Strike
2-1: Called Strike
2-2: Ball
3-2: Foul Ball, location: 2F
3-2: SINGLE (Groundball, 6MD)
César Gonzáles to third
Jim Unknown to second
Runner from 3rd tries for Home, SAFE, no throw
Batting: RHB José Palácios 0-0: Foul Ball, location: 2F
0-1: Ball
1-1: Ground out 5-3 (Groundball, 5L)
Jim Unknown to third
Holden Nolan to second
Batting: LHB Dana Waldrip 0-0: Ball
1-0: Ball
2-0: Ball
3-0: Base on Balls
Pinch Hitting: RHB Alberto Esquivel 0-0: Fielders Choice at 2nd, 6-4 (Groundball, 6)
Top of the 7th over - 1 run(s), 2 hit(s), 0 error(s), 2 left on base; Chicago 2 - Kennesaw 2
BOTTOM OF THE 7TH
Kennesaw Jets batting - Pitching for Chicago Tula : RHP Howard Vidaurri
Now at 3B: Alberto Esquivel
Now in RF: Marcus Larson
Pinch Hitting: LHB Vicente Matos 0-0: Ball
1-0: Foul Ball, location: 2F
1-1: Foul Ball, location: 2F
1-2: Foul Ball, location: 2F
1-2: Strikes out swinging
Pinch Hitting: LHB Jim Unknown 0-0: Foul Ball, location: 2F
0-1: Ball
1-1: Swinging Strike
1-2: Foul Ball, location: 2F
1-2: Ball
2-2: Ball
3-2: Foul Ball, location: 2F
3-2: Ground out 4-3 (Groundball, 4)
Batting: RHB Raúl Francisco 0-0: Ball
1-0: Ball
2-0: Swinging Strike
2-1: Foul Ball, location: 2F
2-2: Foul Ball, location: 2F
2-2: Ground out 6-3 (Groundball, 6)
Bottom of the 7th over - 0 run(s), 0 hit(s), 0 error(s), 0 left on base; Chicago 2 - Kennesaw 2
TOP OF THE 8TH
Chicago Tula batting - Pitching for Kennesaw Jets : RHP José López
Pitching: RHP Luis Torrez
Now at 2B: Ben Simpson
Now in LF: Jim Unknown
Pinch Hitting: LHB Miguel Gazivoda 0-0: Ball
1-0: Fly out, F3 (Line Drive, 3)
Pinch Hitting: RHB Howard Ickes 0-0: Fly out, F6 (Popup, 6D)
Batting: RHB Alfonso Morín 0-0: Foul Ball, location: 2F
0-1: Ball
1-1: Called Strike
1-2: Strikes out swinging
Top of the 8th over - 0 run(s), 0 hit(s), 0 error(s), 0 left on base; Chicago 2 - Kennesaw 2
BOTTOM OF THE 8TH
Kennesaw Jets batting - Pitching for Chicago Tula : RHP Howard Vidaurri
Now at 1B: Dani Durán
Now at SS: Howard Ickes
Pinch Hitting: LHB Jim Unknown 0-0: Called Strike
0-1: Swinging Strike
0-2: Ball
1-2: Foul Ball, location: 2F
1-2: SINGLE (Groundball, 6MD)
Batting: RHB Vic Richards 0-0: Ball
1-0: Ball
2-0: Called Strike
2-1: Called Strike
2-2: Ball
3-2: Strikes out looking
Pinch Hitting: LHB John Satcher 0-0: Ball
1-0: Called Strike
1-1: Fly out, F9 (Flyball, 9LS)
Batting: RHB Omar Durán 0-0: Foul Ball, location: 2F
0-1: Swinging Strike
0-2: Foul Ball, location: 2F
0-2: Strikes out swinging
Bottom of the 8th over - 0 run(s), 1 hit(s), 0 error(s), 1 left on base; Chicago 2 - Kennesaw 2
TOP OF THE 9TH
Chicago Tula batting - Pitching for Kennesaw Jets : RHP Luis Torrez
Pitching: LHP Hakan Yilmanz
Now at 1B: Jim Unknown
Now in RF: Christopher Pabst
Pinch Hitting: RHB Rubén Dubón 0-0: Hit by Pitch
Pinch Runner at 1st Sisay Jitu:
Batting: RHB Marcus Larson 0-0: Sac Bunt - play at first, batter OUT! 1-4
Sisay Jitu to second
Batting: SHB Holden Nolan 0-0: Ball
1-0: DOUBLE (Flyball, 8RXD)
Sisay Jitu scores
Pitching: RHP Jim Unknown
Batting: RHB José Palácios 0-0: Ball
1-0: Ball
2-0: TRIPLE (Flyball, 9LM)
Holden Nolan scores
Batting: LHB Dana Waldrip 0-0: Intentional Walk
Batting: RHB Alberto Esquivel 0-0: Ball
1-0: Called Strike
1-1: Ball
2-1: Foul Ball, location: 2F
2-2: Strikes out swinging
Batting: RHB Dani Durán 0-0: Swinging Strike
0-1: Ball
1-1: Foul Ball, location: 2F
1-2: Foul Ball, location: 2F
1-2: Ball
Dana Waldrip is caught stealing 2nd base
Top of the 9th over - 2 run(s), 2 hit(s), 0 error(s), 0 left on base; Chicago 4 - Kennesaw 2
BOTTOM OF THE 9TH
Kennesaw Jets batting - Pitching for Chicago Tula : RHP Howard Vidaurri
Pitching: RHP Joseph Chartier
Now at 1B: Sisay Jitu
Batting: RHB Bartolo Rosas 0-0: Called Strike
0-1: Ball
1-1: Called Strike
1-2: Foul Ball, location: 2F
1-2: Ground out 6-3 (Groundball, 6)
Batting: RHB Gerardo Maldonado 0-0: Called Strike
0-1: SINGLE (Groundball, 56D)
Pinch Hitting: SHB Buck Bettis 0-0: Ball
1-0: Called Strike
1-1: Foul Ball, location: 2F
1-2: Ball
2-2: Ball
3-2: Foul Ball, location: 2F
3-2: Strikes out swinging
Batting: LHB Jim Unknown 0-0: SINGLE (Line Drive, 6D)
Gerardo Maldonado to second
Batting: RHB Raúl Francisco 0-0: Called Strike
0-1: Ball
1-1: Ball
2-1: SINGLE (Line Drive, 6D)
Gerardo Maldonado to third
Jim Unknown to second
Runner from 3rd tries for Home, SAFE, no throw
Batting: LHB Jim Unknown 0-0: Ball
1-0: Called Strike
1-1: Fielders Choice at 2nd, 5-4 (Groundball, 56)
Bottom of the 9th over - 1 run(s), 3 hit(s), 0 error(s), 1 left on base; Chicago 4 - Kennesaw 3
Monday, March 20th, 2017 - OOTP Baseball 17.12 Build 75